 Dungeon Crawl Stone Soup version 0.18.1-50-g88ac8fd (webtiles) character file.

129 Amnesiac the Ducker (level 4, -3/27 HPs)
             Began as a Deep Elf Fighter on Mar 2, 2018.
             Slain by Grinder (5 damage)
             ... while paralysed by Grinder
             ... on level 3 of the Dungeon.
             The game lasted 00:04:14 (2974 turns).

Amnesiac the Ducker (Deep Elf Fighter)              Turns: 2974, Time: 00:04:15

Health: -3/27      AC: 11    Str: 14    XL:     4   Next: 88%
Magic:  8/8        EV:  2    Int: 13    God:
Gold:   71         SH:  0    Dex: 14    Spells: 0 memorised, 3 levels left

rFire  . . .     SeeInvis .     e - +2 flail (protect)
rCold  . . .     Gourm    .     b - +0 scale mail
rNeg   . . .     Faith    .     c - +1 shield
rPois  .         Spirit   .     (no helmet)
rElec  .         Dismiss  .     (no cloak)
rCorr  .         Reflect  .     (no gloves)
SustAt .         Harm     .     (no boots)
MR     .....                    (no amulet)
Stlth  ..........               (no ring)
                                (no ring)

@: paralysed, not resistant to hostile enchantments, extremely unstealthy
A: no striking features
a: no special abilities


You were on level 3 of the Dungeon.
You were not hungry.

You visited 1 branch of the dungeon, and saw 3 of its levels.

You collected 71 gold pieces.

Inventory:

Hand Weapons
 a - a +0 rapier
 e - a +2 flail of protection (weapon)
Missiles
 q - 80 stones (quivered)
Armour
 b - a +0 scale mail (worn)
 c - a +1 shield (worn)
Wands
 n - a wand of enslavement (0/24)
Scrolls
 j - a scroll of fear {!r}
Potions
 d - a potion of might {!q}
 g - a potion of heal wounds {!q, unknown}
 k - a potion of flight {!q, unknown}
 p - a potion of berserk rage {!q}
Comestibles
 f - 2 bread rations
 h - a chunk of flesh
 i - a meat ration
 l - 2 beef jerkies


   Skills:
 - Level 2.4 Fighting
 - Level 2.0 Short Blades
 - Level 2.4 Armour
 - Level 4.3 Dodging
 - Level 2.4 Shields
 + Level 2.8 Evocations


You had 3 spell levels left.
You didn't know any spells.

Dungeon Overview and Level Annotations

Branches:
Dungeon (3/15)

Altars:
Elyvilon

Annotations:
D:3 Amnesiac's ghost, weakling DEFi; Grinder; Terence


Message History

You block the bat's attack. The bat hits you but does no damage.
You closely miss the bat. You block the bat's attack.
The bat completely misses you. The bat hits you but does no damage. x2
Grinder says, "My boss said I was rubbish.
His entrails said otherwise."
The bat hits you but does no damage. The bat hits you but does no damage.
The bat hits you but does no damage. The bat barely misses you.
Grinder blinks!
You hit Grinder.
Grinder is lightly wounded.
The bat hits you but does no damage. x2; Grinder hits you but does no damage.
Grinder blinks!
The bat hits you but does no damage. The bat hits you but does no damage.
You block the bat's attack.
There is an open door here.
You hit the bat.
You kill the bat!
Grinder hits you.
You writhe in agony.
You block Grinder's attack. Grinder hits you!
* * * LOW HITPOINT WARNING * * *
You writhe in agony. x2
Evoke which item? (* to show all) (? for menu, Esc to quit)
That item cannot be evoked!
Unknown command.
Evoke which item? (* to show all) (? for menu, Esc to quit)
Zapping:
n - a wand of enslavement {zapped: 9} (will waste charges)
Press: ? - help, Shift-Dir - straight line, f - Grinder
Aim: Grinder (lightly wounded, chance to defeat MR: 51%) Grinder resists with significant effort.
Evoking this partially-identified wand wasted a few charges.
You block Grinder's attack.
Evoke which item? (* to show all) (? for menu, Esc to quit)
Zapping:
n - a wand of enslavement {zapped: 11} (will waste charges)
Press: ? - help, Shift-Dir - straight line, f/p - Grinder
Aim: Grinder (lightly wounded, chance to defeat MR: 51%) Grinder resists with significant effort.
Evoking this partially-identified wand wasted a few charges.
Grinder gestures at you. Pain shoots through your body!
* * * LOW HITPOINT WARNING * * *
Evoke which item? (* to show all) (? for menu, Esc to quit)
Zapping:
n - a wand of enslavement {zapped: 13} (will waste charges)
Press: ? - help, Shift-Dir - straight line, f/p - Grinder
Aim: Grinder (lightly wounded, chance to defeat MR: 51%) Grinder resists with significant effort.
Evoking this partially-identified wand wasted a few charges.
Grinder gestures at you. Pain shoots through your body!
* * * LOW HITPOINT WARNING * * *
Evoke which item? (* to show all) (? for menu, Esc to quit)
Zapping:
n - a wand of enslavement {zapped: 16} (will waste charges)
Press: ? - help, Shift-Dir - straight line, f/p - Grinder
Aim: Grinder (lightly wounded, chance to defeat MR: 51%) Nothing appears to happen.
Grinder gestures at you.
You suddenly lose the ability to move!
Grinder says, "FISH!"
Grinder hits you but does no damage. Grinder hits you but does no damage.
Grinder hits you!
* * * LOW HITPOINT WARNING * * *
You writhe in agony.
You die...

...5# ....+ ....#
####### .)..#
#.....#
....#########.....#
............'....>#
#.###########.....#
#. #..5..# #.
#...@.# #. #####.#
#. #.# #.# #.# #.#
####### #.# #......
#######.# #.####.
#.......# #.# #.


You could see Grinder.

Vanquished Creatures
  6 adders (D:2)
  An ooze (D:1)
  2 worms
  A dart slug (D:1)
  5 giant geckos
  2 orcs (D:3)
  6 bats
  2 giant cockroaches
  8 goblins
  8 hobgoblins
  A ball python (D:2)
  7 kobolds
  6 rats
55 creatures vanquished.

Vanquished Creatures (collateral kills)
  A giant cockroach (D:3)
1 creature vanquished.

Grand Total: 56 creatures vanquished

Notes
Turn   | Place    | Note
--------------------------------------------------------------
     0 | D:1      | Amnesiac the Deep Elf Fighter began the quest for the Orb.
     0 | D:1      | Reached XP level 1. HP: 13/13 MP: 3/3
    25 | D:1      | Reached skill level 1 in Dodging
    92 | D:1      | Reached skill level 2 in Dodging
    92 | D:1      | Reached XP level 2. HP: 16/18 MP: 4/4
   231 | D:3      | Noticed Terence
   231 | D:3      | Noticed Amnesiac's ghost (weakling DEFi)
   444 | D:1      | Reached skill level 3 in Dodging
   490 | D:1      | Reached XP level 3. HP: 22/22 MP: 5/5
  1189 | D:2      | Reached skill level 4 in Dodging
  1711 | D:2      | Reached XP level 4. HP: 27/27 MP: 6/6
  1755 | D:2      | Reached skill level 1 in Evocations
  2469 | D:2      | Found a white marble altar of Elyvilon.
  2941 | D:3      | Noticed Grinder
  2971 | D:3      | Paralysed by Grinder for 5 turns
  2974 | D:3      | Slain by Grinder

Skill      XL: |  1  2  3  4 |
---------------+-------------+-----
Dodging        | 2 3 4 |  4.3
Evocations     | 2 |  2.8
Fighting       | |  2.4
Short Blades   | |  2.0
Armour         | |  2.4
Shields        | |  2.4

Action                   |  1- 3 |  4- 6 || total
-------------------------+-------+-------++-------
Melee: Rapier            |   151 |    87 ||   238
       Flail             |       |    11 ||    11
Evoke: Wand              |       |     6 ||     6
  Use: Scroll            |       |     6 ||     6
  Eat: Chunk             |     3 |     4 ||     7
Armor: Scale mail        |    73 |    53 ||   126
Dodge: Dodged            |    33 |    25 ||    58
Block: Shield            |    65 |    44 ||   109
